 Dungeon Crawl Stone Soup version 0.24.0-10-g970556be89 (webtiles) character file.

Game seed: 1926651896047763775, levelgen mode: deterministic

18 Goblin1989 the Stinger (level 2, 19/19 HPs)
             Began as a Demonspawn Venom Mage on Nov 5, 2019.
             Quit the game on level 1 of the Dungeon.
             The game lasted 00:02:09 (892 turns).

Goblin1989 the Stinger (Demonspawn Venom Mage)       Turns: 892, Time: 00:02:09

Health: 19/19      AC:  2    Str:  8    XL:     2   Next: 51%
Magic:  5/5        EV: 12    Int: 16    God:
Gold:   56         SH:  0    Dex: 13    Spells: 4/5 levels left

rFire    . . .     SeeInvis .   (no weapon)
rCold    . . .     Gourm    .   (no shield)
rNeg     . . .     Faith    .   a - +0 robe
rPois    .         Spirit   .   (no helmet)
rElec    .         Reflect  .   (no cloak)
rCorr    .         Harm     .   (no gloves)
MR       .....                  (no boots)
Stlth    ++........             (no amulet)
HPRegen  0.06/turn              (no ring)
MPRegen  0.09/turn              (no ring)

@: no status effects
A: rot immunity
a: no special abilities


You were on level 1 of the Dungeon.
You were not hungry.

You visited 1 branch of the dungeon, and saw 1 of its levels.

You collected 56 gold pieces.

Inventory:

Missiles
 g - 18 arrows
Armour
 a - a +0 robe (worn)
Scrolls
 j - a scroll of blinking {unknown}
 l - a scroll of immolation {unknown}
Potions
 h - a potion of mutation {unknown}
 k - 2 potions of heal wounds {unknown}
Comestibles
 e - 2 rations


   Skills:
 - Level 1.7 Dodging
 - Level 1.7 Stealth
 + Level 2.2 Spellcasting
 * Level 1.7 Conjurations
 * Level 3.3 Poison Magic


You had 4 spell levels left.
You knew the following spells:

 Your Spells              Type           Power        Failure   Level  Hunger
a - Sting                 Conj/Pois      ##..         7%          1    #......

Your spell library contained the following spells:

 Spells                   Type           Power        Failure   Level  Hunger
 Poisonous Vapours        Pois/Air       #.....       16%         2    ###....
 Mephitic Cloud           Conj/Pois/Air  #.......     30%         3    ###....
 Olgreb's Toxic Radiance  Pois           ##......     45%         4    #####..
 Venom Bolt               Conj/Pois      ##........   89%         5    ######.


Dungeon Overview and Level Annotations

Branches:
Dungeon (1/15)

Altars:


Innate Abilities, Weirdness & Mutations

You are immune to rotting.


Message History

The bat hits you. The bat barely misses you.
You take 1 damage, and have 15/19 hp.
Casting: Sting (safe; 8% risk of failure)
Confirm with . or Enter, or press ? or * to list all spells.
Aiming: Sting (safe; 8% risk of failure)
Press: ? - help, Shift-Dir - straight line, f - bat
Aim: a bat The sting hits the bat.
The bat is poisoned.
The bat is moderately wounded.
The bat closely misses you. The bat hits you but does no damage.
You now have 0/5 mp.
The bat completely misses you.
You kill the bat!
Unknown command.
Unknown command.
Your magical contamination has completely faded away.
HP restored.
You butcher the bat corpse.
i - 2 chunks of flesh (gained 1)
You see here a bat skeleton. x2
Health restored: 19; MP restored: 5 You see here a +0 dagger.
You now have 56 gold pieces (gained 10).
A kobold comes into view. It is wielding a +0 short sword.
A kobold is nearby!
A kobold is nearby!
Casting: Sting (safe; 7% risk of failure)
Confirm with . or Enter, or press ? or * to list all spells.
You can't see any susceptible monsters within range! (Use Z to cast anyway.) Unknown command.
The kobold shouts!
The kobold throws a stone.
The stone hits you but does no damage.
You see here a stone.
The kobold throws a stone.
The stone hits you.
You see here a stone.
You take 1 damage, and have 18/19 hp.
Casting: Sting (safe; 7% risk of failure)
Confirm with . or Enter, or press ? or * to list all spells.
Aiming: Sting (safe; 7% risk of failure)
Press: ? - help, Shift-Dir - straight line, f - kobold
Aim: a kobold, wielding a +0 short sword The sting hits the kobold.
The kobold is poisoned.
You kill the kobold!
You now have 4/5 mp.
Casting: Sting (safe; 7% risk of failure)
Confirm with . or Enter, or press ? or * to list all spells.
You can't see any susceptible monsters within range! (Use Z to cast anyway.)
A kobold comes into view. It is wielding a +0 whip.
A kobold is nearby!
Casting: Sting (safe; 7% risk of failure)
Confirm with . or Enter, or press ? or * to list all spells.
Aiming: Sting (safe; 7% risk of failure)
Press: ? - help, Shift-Dir - straight line, f - kobold
Aim: a kobold, wielding a +0 whip (hasn't noticed you)
The sting hits the kobold but does no damage.
The kobold is poisoned.
The kobold shouts!
The kobold throws a stone.
The stone barely misses you.
Health restored: 19 You now have 3/5 mp.
Casting: Sting (safe; 7% risk of failure)
Confirm with . or Enter, or press ? or * to list all spells.
Aiming: Sting (safe; 7% risk of failure)
Press: ? - help, Shift-Dir - straight line, f/p - kobold
Aim: a kobold, wielding a +0 whip (moderately wounded, poisoned)
The sting hits the kobold.
The kobold looks even sicker.
You kill the kobold!
You now have 2/5 mp.
Casting: Sting (safe; 7% risk of failure)
Confirm with . or Enter, or press ? or * to list all spells.
You can't see any susceptible monsters within range! (Use Z to cast anyway.)
Casting: Sting (safe; 7% risk of failure)
Confirm with . or Enter, or press ? or * to list all spells.
You can't see any susceptible monsters within range! (Use Z to cast anyway.)
Casting: Sting (safe; 7% risk of failure)
Confirm with . or Enter, or press ? or * to list all spells.
You can't see any susceptible monsters within range! (Use Z to cast anyway.) Some of the chunks of flesh in your inventory have rotted away.
Found a stone staircase leading down.
MP restored: 5
Things that are here:
a +0 short sword; 3 stones {@Q3}
Things that are here:
a +0 whip; 4 stones {@Q3}; a kobold corpse
Things that are here:
a +0 whip; 4 stones {@Q3}; a kobold corpse
l - a scroll labeled GOGARHOUGI
There is an open door here.
You open the door.
There is an open door here.
All of the chunks of flesh in your inventory have rotted away.
k - 2 ruby potions (gained 1)
Found an escape hatch in the floor.
Done exploring.
Done exploring.
Done exploring.
Saving game... please wait.
Welcome back, Goblin1989 the Demonspawn Venom Mage.
Press ? for a list of commands and other information.
Are you sure you want to abandon this character and quit the game? (Confirm with "yes".)

██......█ █.███.█ █.......█
█..██.█ █.......█ ███ ██.██.█
█.█...███████ █.█ █.██.█
█.███.█ █...█ █.█ █..█.█ █.█
█.███.█.███.████████.█.██ █.█
█.....█.................█
█.███████████████████████...█
█.██>...█ █.@.............>.█
█.██.██.█ █.███████████████.█
█.██.██.█ █.█ █..
█....██.███.█ ███
███████.....█


███████ There were no monsters in sight!

Vanquished Creatures
  2 dart slugs (D:1)
  2 bats (D:1)
  A goblin (D:1)
  3 hobgoblins (D:1)
  4 kobolds (D:1)
  2 rats (D:1)
14 creatures vanquished.

Notes
Turn   | Place    | Note
-------+----------+-------------------------------------------
     0 | D:1      | Goblin1989 the Demonspawn Venom Mage began the quest for
                  | the Orb.
     0 | D:1      | Reached XP level 1. HP: 13/13 MP: 3/3
     0 | D:1      | Goblin1989: !polytheist .
     0 | D:1      | meem: Unwon gods for Goblin1989: , Beogh, Jiyva,
                  | Kikubaaqudgha, Qazlal, Sif Muna, Uskayaw, Vehumet, Wu Jian,
                  | Zin
   284 | D:1      | Gained mutation: You are immune to rotting. [demonic
                  | ancestry]
   284 | D:1      | Reached XP level 2. HP: 19/19 MP: 3/5
   892 | D:1      | Quit the game

Levels and vault maps discovered:
D:1:      dpeg_arrival_short_road, layout_basic

Action                   || total
-------------------------++-------
Melee: Unarmed           ||     1
 Cast: Sting             ||    26
Armor: Robe              ||     4
Dodge: Dodged            ||    10

Levels and vault maps discovered:
D:1:      dpeg_arrival_short_road, layout_basic
